 Dungeon Sprint DCSS version 0.28-a0-245-g639a1a48b9 (webtiles) character file.

Game seed: 13416394551280587169

17640 MikeHunt the End of an Era (level 12, -4/116 HPs)
             Began as a Hill Orc Monk on Aug 24, 2021.
             Was the Champion of Qazlal.
             Shot themself with a blast of ice (37 damage)
             ... in the Dungeon (Sprint VII: "The Pits").
             The game lasted 00:09:20 (2873 turns).

MikeHunt the End of an Era (Hill Orc Monk)          Turns: 2873, Time: 00:09:21

Health: -4/116     AC: 12    Str: 17    XL:     12   Next: 50%
Magic:  4/26       EV: 16    Int: 10    God:    Qazlal [******]
Gold:   62         SH:  8    Dex: 21    Spells: 11/11 levels left

rFire   . . .      SeeInvis .   m - +0 battleaxe
rCold   + . .      Faith    .   (shield currently unavailable)
rNeg    . . .      Spirit   .   l - +3 scale mail
rPois   .          Reflect  .   (no helmet)
rElec   .          Harm     .   (no cloak)
rCorr   +          Rampage  .   (no gloves)
Will    .....      NoTele   +   (no boots)
Stlth   +.........              (no amulet)
HPRegen 0.29/turn               p - +6 ring of dexterity
MPRegen 0.20/turn               u - ring of resist corrosion

@: protected from cold, repel missiles
A: no striking features
a: Renounce Religion, Upheaval, Elemental Force, Disaster Area


You were in the Dungeon.
You worshipped Qazlal.
Qazlal was exalted by your worship.
You visited 1 branch You collected 62 gold pieces.

Inventory:

Hand Weapons
 a - a +0 hand axe
 i - a +2 hand axe
 k - a +0 vorpal hand axe
 m - a +0 battleaxe (weapon)
Armour
 b - a +0 robe
 l - a +3 scale mail (worn)
Jewellery
 p - a +6 ring of dexterity (left hand)
 u - a ring of resist corrosion (right hand)
Wands
 q - a wand of paralysis (6)
 v - a wand of iceblast (7)
Scrolls
 h - 3 scrolls of blinking
 o - a scroll of summoning
 r - 2 scrolls of fog
 s - 3 scrolls of fear
 t - 2 scrolls of enchant armour
Potions
 c - 8 potions of curing
 d - 11 potions of heal wounds
 e - 3 potions of haste
 f - 4 potions of magic
 g - 4 potions of berserk rage
 j - 2 potions of invisibility
 n - a potion of might


   Skills:
 - Level 13.8 Fighting
 - Level 20.0 Axes
 - Level 12.4 Armour
 - Level 10.1 Dodging
 - Level 1.5 Stealth
 + Level 21.8 Invocations


You had 11 spell levels left.
You didn't know any spells.
Your spell library was empty.

Dungeon Overview and Level Annotations

Branches:
Dungeon (1/1)

Altars:
Ashenzari
Cheibriados
Dithmenos
Elyvilon
Fedhas
Gozag
Hepliaklqana
Kikubaaqudgha
Makhleb
Nemelex Xobeh
Okawaru
Qazlal
Ru
Sif Muna
Trog
Uskayaw
Vehumet
Wu Jian
Xom
Yredelemnul
Zin
The Shining One
Beogh
Jiyva
Lugonu


Message History

Aiming: Upheaval
Press: ? - help, Dir - move target, f/p - ancient lich
Aim: an ancient lich (fast)
A blizzard blasts the area with ice!
The blast of ice hits the ancient lich!
The ancient lich partially resists.
The ancient lich is lightly damaged.
The ancient lich is flash-frozen.
Aiming: Upheaval
Press: ? - help, Dir - move target, f/p - ancient lich
Aim: an ancient lich (lightly damaged, fast, encased in ice) Magma suddenly erupts from the ground!
The blast of magma engulfs the ancient lich!!
The ancient lich partially resists.
The ancient lich is moderately damaged.
The ancient lich casts a spell.
The ancient lich flickers and vanishes!
Deactivating autopickup; reactivate with Ctrl-A.
Aiming: Upheaval
Press: ? - help, Dir - move target A blizzard blasts the area with ice!
The blast of ice hits something!!
Aiming: Upheaval
Press: ? - help, Dir - move target The ground shakes violently, spewing rubble!
The blast of rubble hits something!!
You hear some strange, mumbled words.
A crystal spear appears from out of thin air!
The crystal spear hits you!!!!
Ouch! That really hurt!
* * * LOW HITPOINT WARNING * * *
Aiming: Upheaval
Press: ? - help, Dir - move target That beam is likely to hit you.
Continue anyway?
A blizzard blasts the area with ice!
The blast of ice hits something!!
Qazlal accepts your kill.
Reactivating autopickup.
You feel a bit more experienced. The blast of ice hits you!!!
You feel protected from cold.
You die...

#++########################
#............≈...†.........
#......).°@☼○....[≈....).).
#..##############++########
#..# #..# #..# #..# #..#
#..# #######..#


There were no monsters in sight!

Vanquished Creatures
  An ancient lich (D)
  A nagaraja (D)
  An orc warlord (D)
  A deep elf demonologist (D)
  Erica (D)
  An anaconda (D)
  2 vampire magi (D)
  A death yak (D)
  A deep elf knight (D)
  2 shadow wraiths (D)
  A flayed ghost (D)
  A swamp dragon (D)
  A bog body (D)
  A lindwurm (D)
  An orc knight (D)
  A deep elf zephyrmancer (D)
  A black mamba (D)
  An eye of devastation (D)
  A rime drake (D)
  A komodo dragon (D)
  Psyche (D)
  A hellwing (D)
  A kobold demonologist (D)
  An ice devil (D)
  A guardian mummy (D)
  A jumping spider (D)
  3 trolls (D)
  A tyrant leech (D)
  A ynoxinul (D)
  A flying skull (D)
  A water elemental (D)
  A tarantella (D)
  2 basilisks (D)
  2 vampire mosquitoes (D)
  A steam dragon (D)
  2 wargs (D)
  A floating eye (D)
  A sky beast (D)
  7 orc warriors (D)
  An ice beast (D)
  A kobold brigand (D)
  A scorpion (D)
  An earth elemental (D)
  6 killer bees (D)
  2 orc priests (D)
  Jessica (D)
  An iguana (D)
  3 orc wizards (D)
  A hell rat (D)
  Terence (D)
  An ufetubus (D)
  An adder skeleton (D)
  An adder zombie (D)
  8 orcs (D)
  2 giant cockroaches (D)
  A kobold (D)
  A bat (D)
  A frilled lizard (D)
  A jackal zombie (D)
  A rat (D)
89 creatures vanquished.

Notes
Turn   | Place    | Note
-------+----------+-------------------------------------------
     0 | D        | MikeHunt the Hill Orc Monk began the quest for the Orb.
     0 | D        | Reached XP level 1. HP: 19/19 MP: 1/1
    14 | D        | Reached skill level 5 in Axes
    18 | D        | Found a bloodstained altar of Trog.
    18 | D        | Found a shimmering blue altar of Sif Muna.
    18 | D        | Found a viscous altar of Jiyva.
    18 | D        | Found a hazy altar of Hepliaklqana.
    18 | D        | Found an opulent altar of Gozag.
    19 | D        | Found a glowing golden altar of the Shining One.
    19 | D        | Found a glowing silver altar of Zin.
    19 | D        | Found a basalt altar of Yredelemnul.
    19 | D        | Found a shimmering altar of Xom.
    19 | D        | Found an ornate altar of the Wu Jian Council.
    19 | D        | Found a sacrificial altar of Ru.
    19 | D        | Found a stormy altar of Qazlal.
    19 | D        | Found an iron altar of Okawaru.
    19 | D        | Found a sparkling altar of Nemelex Xobeh.
    19 | D        | Found a burning altar of Makhleb.
    19 | D        | Found a blossoming altar of Fedhas.
    19 | D        | Found a white marble altar of Elyvilon.
    19 | D        | Found a shadowy altar of Dithmenos.
    19 | D        | Found a snail-covered altar of Cheibriados.
    20 | D        | Found a radiant altar of Vehumet.
    20 | D        | Found a corrupted altar of Lugonu.
    20 | D        | Found a roughly hewn altar of Beogh.
    21 | D        | Found a hide-covered altar of Uskayaw.
    21 | D        | Found an ancient bone altar of Kikubaaqudgha.
    21 | D        | Found a broken altar of Ashenzari.
    24 | D        | Became a worshipper of Qazlal Stormbringer
    24 | D        | Reached * piety under Qazlal
    24 | D        | Reached ** piety under Qazlal
   136 | D        | Noticed a floating eye
   139 | D        | Paralysed by a floating eye for 4 turns
   140 | D        | Reached skill level 1 in Invocations
   144 | D        | Paralysed by a floating eye for 4 turns
   150 | D        | Killed a floating eye
   151 | D        | Reached skill level 8 in Invocations
   151 | D        | Reached XP level 2. HP: 26/26 MP: 1/7
   151 | D        | Reached XP level 3. HP: 31/31 MP: 1/8
   151 | D        | Reached XP level 4. HP: 39/39 MP: 1/10
   220 | D        | Noticed a scorpion
   221 | D        | Killed a scorpion
   222 | D        | Reached skill level 10 in Axes
   222 | D        | Reached skill level 9 in Invocations
   222 | D        | Reached XP level 5. HP: 45/45 MP: 7/12
   228 | D        | Reached *** piety under Qazlal
   351 | D        | Noticed a guardian mummy
   366 | D        | Killed a guardian mummy
   366 | D        | Reached **** piety under Qazlal
   367 | D        | Reached skill level 12 in Invocations
   367 | D        | Reached XP level 6. HP: 23/51 MP: 0/15
   373 | D        | Killed a shadow wraith
   374 | D        | Reached skill level 15 in Axes
   374 | D        | Reached skill level 14 in Invocations
   374 | D        | Reached XP level 7. HP: 16/57 MP: 1/17
   374 | D        | Reached XP level 8. HP: 18/64 MP: 1/19
   614 | D        | Noticed an orc knight
   614 | D        | Noticed a ynoxinul
   615 | D        | Noticed a flying skull
   623 | D        | Killed a ynoxinul
   623 | D        | Killed a flying skull
   624 | D        | Reached skill level 5 in Fighting
   669 | D        | Killed a shadow wraith
   670 | D        | Reached skill level 5 in Dodging
   670 | D        | Reached XP level 9. HP: 36/81 MP: 16/20
   830 | D        | Noticed a lindwurm
   832 | D        | Noticed a vampire mage
   833 | D        | Noticed a troll
   835 | D        | Killed a vampire mage
   835 | D        | Killed a lindwurm
   836 | D        | Reached skill level 10 in Fighting
   863 | D        | Killed a troll
   885 | D        | Noticed a swamp dragon
   909 | D        | Killed a swamp dragon
   910 | D        | Reached XP level 10. HP: 54/96 MP: 16/21
   935 | D        | Noticed a bog body
   942 | D        | Killed a bog body
   943 | D        | Reached skill level 10 in Armour
  1078 | D        | Noticed Jessica
  1082 | D        | Killed Jessica
  1109 | D        | Reached ***** piety under Qazlal
  1329 | D        | Noticed Terence
  1342 | D        | Killed Terence
  1368 | D        | Noticed a deep elf knight
  1375 | D        | Killed a deep elf knight
  1386 | D        | Noticed a black mamba
  1394 | D        | Killed a black mamba
  1607 | D        | Noticed an eye of devastation
  1611 | D        | Killed an eye of devastation
  1874 | D        | Noticed a deep elf zephyrmancer
  1884 | D        | Reached XP level 11. HP: 107/107 MP: 17/22
  1885 | D        | Killed a deep elf zephyrmancer
  1886 | D        | Reached skill level 10 in Dodging
  1893 | D        | Noticed Psyche
  1895 | D        | Killed Psyche
  1896 | D        | Reached skill level 15 in Invocations
  1924 | D        | Reached skill level 16 in Invocations
  2052 | D        | Killed an orc knight
  2053 | D        | Reached skill level 17 in Invocations
  2122 | D        | Noticed a flayed ghost
  2123 | D        | Noticed a death yak
  2131 | D        | Killed a death yak
  2131 | D        | Killed a flayed ghost
  2132 | D        | Reached skill level 18 in Invocations
  2416 | D        | Reached ****** piety under Qazlal
  2590 | D        | Noticed a nagaraja
  2591 | D        | Noticed Erica
  2592 | D        | Killed Erica
  2593 | D        | Reached skill level 19 in Invocations
  2593 | D        | Killed a nagaraja
  2594 | D        | Reached XP level 12. HP: 109/116 MP: 16/25
  2632 | D        | Noticed an anaconda
  2633 | D        | Noticed an orc warlord
  2633 | D        | Killed an anaconda
  2634 | D        | Reached skill level 20 in Invocations
  2636 | D        | Noticed a vampire mage
  2667 | D        | Killed an orc warlord
  2668 | D        | Reached skill level 21 in Invocations
  2671 | D        | Killed a vampire mage
  2862 | D        | Noticed a deep elf demonologist
  2863 | D        | Killed a deep elf demonologist
  2866 | D        | Noticed an ancient lich
  2873 | D        | Killed an ancient lich
  2873 | D        | Shot themself with a blast of ice

Illustrated notes

Levels and vault maps discovered:
D:        pitsprint [storerooms_1, entrance_room_1, metal_vault_1, armoury_2,
          mini_pit_1, grid_room_1, main_hall_1, silver_pit, the_coven_1,
          the_vestibule_1, steel_vault_5, golden_pit, hallway_of_sentries,
          crystal_vault_1, iron_vault_4, final_vault]

Skill      XL: |  1  2  3  4  5  6  7  8  9 10 11 12 |
---------------+-------------------------------------+-----
Axes           | 9 10 13 15 18 20 | 20.0
Invocations    | 8 9 12 14 19 21 | 21.8
Fighting       | 8 11 13 | 13.8
Armour         | 6 9 12 | 12.4
Dodging        | 5 8 9 10 | 10.1
Stealth        | |  1.5

Action                   |  1- 3 |  4- 6 |  7- 9 | 10-12 || total
-------------------------+-------+-------+-------+-------++-------
Melee: Hand axe          |    10 |    25 |    43 |   102 ||   180
       Battleaxe         |       |       |       |    59 ||    59
Invok: Upheaval          |       |     4 |     5 |    37 ||    46
       Disaster Area     |       |       |       |     1 ||     1
  Use: Potion            |       |     1 |     2 |       ||     3
 Stab: Sleeping          |     1 |       |       |       ||     1
Armor: Robe              |       |     5 |       |       ||     5
       Scale mail        |       |     4 |    13 |    33 ||    50
Dodge: Dodged            |     1 |    11 |    17 |    84 ||   113
       Repelled          |       |       |       |     5 ||     5
Block: Other             |       |     5 |     8 |    39 ||    52

Table legend: (Time is in decaauts)
 A = Elapsed time spent in this place.
 B = Non-inter-level travel time spent in this place.
 C = Inter-level travel time spent in this place.
 D = Time resting spent in this place.
 E = Time spent auto-exploring this place.
 F = Levels seen in this place.
 G = Mean time per level.
                   A        B        C        D        E       F      G
               +--------+--------+--------+--------+--------+-----+--------+
         Total |   2838 |   2776 |     62 |   1885 |      0 |   1 | 2838.0 |
       Dungeon |   2838 |   2776 |     62 |   1885 |      0 |   1 | 2838.0 |
               +--------+--------+--------+--------+--------+-----+--------+

Top non-repeatable levels by time:
       D: 2838 daAuts
